 Dungeon Crawl Stone Soup version 0.28-a0-79-g444c7a33f5 (webtiles) character file.

Game seed: 11446694323947808202

8 siradein the Sneak (level 2, 22/22 HPs)
             Began as a Vampire Brigand on Aug 3, 2021.
             Quit the game on level 1 of the Dungeon.
             The game lasted 00:01:01 (164 turns).

siradein the Sneak (Vampire Brigand)                 Turns: 164, Time: 00:01:01

Health: 22/22      AC:  3    Str: 10    XL:     2   Next: 0%
Magic:  2/2        EV: 12    Int: 13    God:
Gold:   9          SH:  0    Dex: 15    Spells: 1/1 levels left

rFire   . . .      SeeInvis +   a - +2 dagger
rCold   . . .      Faith    .   (no shield)
rNeg    . . .      Spirit   .   b - +0 robe
rPois   .          Reflect  .   (no helmet)
rElec   .          Harm     .   c - +0 cloak
rCorr   .          Rampage  .   (no gloves)
Will    .....                   (no boots)
Stlth   +++.......              (no amulet)
HPRegen 0.27/turn               (no ring)
MPRegen 0.08/turn               (no ring)

@: healing quickly
A: alive, fangs 3, see invisible, vampiric 1
a: Exsanguinate


You were on level 1 of the Dungeon.
You visited 1 branch of the dungeon, and saw 1 of its levels.

You collected 9 gold pieces.

Inventory:

Hand Weapons
 a - a +2 dagger (weapon)
Missiles
 d - 8 poisoned darts (quivered)
 e - 2 curare-tipped darts
Armour
 b - a +0 robe (worn)
 c - a +0 cloak (worn)
Scrolls
 f - a scroll of fog {unknown}
Potions
 g - a potion of ambrosia {unknown}


   Skills:
 - Level 1.7 Fighting
 + Level 3.1 Short Blades
 - Level 1.5 Throwing
 - Level 1.1 Dodging
 - Level 5.8 Stealth


You had one spell level left.
You didn't know any spells.
Your spell library contained the following spells:

 Spells                   Type           Power      Damage    Failure   Level
 Foxfire                  Conj/Fire      0%         2x1d4     30%         1
 Conjure Flame            Conj/Fire      0%         6-21      67%         3
 Inner Flame              Hex/Fire       0%         N/A       67%         3


Dungeon Overview and Level Annotations

Branches:
Dungeon (1/15)

Altars:


Innate Abilities, Weirdness & Mutations

Your natural rate of healing is accelerated.
You have razor-sharp teeth.
You have supernaturally acute eyesight. (SInv)
You are afflicted with vampirism.


Message History

The giant cockroach bites you.
You hit the giant cockroach.
The giant cockroach is almost dead.
The giant cockroach completely misses you.
You hit the giant cockroach.
You kill the giant cockroach!
No target in view!
No target in view!
HP restored.
You see here a giant cockroach corpse.
You now have 9 gold pieces.
You pick up a book of Flames and begin reading...
You add the spells Foxfire, Conjure Flame and Inner Flame to your library.
A giant cockroach comes into view.
A giant cockroach is nearby!
A giant cockroach is nearby!
A giant cockroach is nearby!
A giant cockroach is nearby!
Found a robe.
Found a fuming inky potion.
The helpless giant cockroach fails to defend itself.
You impale the giant cockroach!!
You kill the giant cockroach!
No target in view!
No target in view!
No target in view!
f - a scroll labelled NOOHOY SAUFEDDU
g - a murky amethyst potion A kobold comes into view.
It is wielding a +0 club.
A kobold is nearby!
A kobold is nearby!
A kobold is nearby!
A kobold is nearby!
You see here a fuming inky potion.
The helpless kobold fails to defend itself.
You impale the kobold!!
You kill the kobold!
Your Short Blades skill increases to level 3!
You have reached level 2!
Are you sure you want to abandon this character and quit the game? (Confirm with "yes".)

#..........#
#..........#
#.........##
######.......^...
.....[.........#.
##...........##
#######...........##
#.#.................##
#....@.!.#............
##..)...###..........#
#......# ##......#...
#.##.### #####....##
#. #.. ...... # ##.
#..... . ... .. ...
...


There were no monsters in sight!

Vanquished Creatures
  A dart slug (D:1)
  An endoplasm (D:1)
  2 giant cockroaches (D:1)
  A kobold (D:1)
5 creatures vanquished.

Notes
Turn   | Place    | Note
-------+----------+-------------------------------------------
     0 | D:1      | siradein the Vampire Brigand began the quest for the Orb.
     0 | D:1      | Reached XP level 1. HP: 16/16 MP: 1/1
   164 | D:1      | Reached XP level 2. HP: 22/22 MP: 2/2
   164 | D:1      | Quit the game

Illustrated notes

Levels and vault maps discovered:
D:1:      grunt_arrival_crossed_arrows, layout_rooms,
          chequers_serial_rivers_small_3

Skill      XL: |  1 |
---------------+----+-----
Short Blades   | 3 |  3.1
Fighting       | |  1.7
Throwing       | |  1.5
Dodging        | |  1.1
Stealth        | |  5.8

Action                   || total
-------------------------++-------
Melee: Dagger            ||     9
 Stab: Sleeping          ||     2
Armor: Robe              ||     1
Dodge: Dodged            ||     3

Table legend: (Time is in decaauts)
 A = Elapsed time spent in this place.
 B = Non-inter-level travel time spent in this place.
 C = Inter-level travel time spent in this place.
 D = Time resting spent in this place.
 E = Time spent auto-exploring this place.
 F = Levels seen in this place.
 G = Mean time per level.
                   A        B        C        D        E       F      G
               +--------+--------+--------+--------+--------+-----+--------+
         Total |    162 |    162 |      0 |      0 |    123 |   1 |  162.0 |
       Dungeon |    162 |    162 |      0 |      0 |    123 |   1 |  162.0 |
               +--------+--------+--------+--------+--------+-----+--------+

Top non-repeatable levels by time:
     D:1: 162 daAuts
